 Dungeon Crawl Stone Soup version 0.24.0-125-gc4c63601f3 (webtiles) character file.

Game seed: 2426274643876895720, levelgen mode: deterministic

232383 Draugr the Thaumaturge (level 19, -10/100 HPs)
             Began as a Demonspawn Venom Mage on Feb 10, 2020.
             Was an Elder of Sif Muna.
             Killed from afar by a raiju (17 damage)
             ... with a living lightning
             ... on level 4 of the Abyss on Feb 17, 2020.
             The game lasted 07:58:50 (67978 turns).

Draugr the Thaumaturge (Demonspawn Venom Mage)     Turns: 67978, Time: 07:58:51

Health: -10/100    AC: 16    Str:  7 (9)  XL:     19   Next: 17%
Magic:  9/28       EV: 15    Int: 26 (28) God:    Sif Muna [****..]
Gold:   3069       SH: 12    Dex: 11 (13) Spells: 4/42 levels left

rFire    . . .     SeeInvis .   P - +6 quick blade
rCold    + . .     Gourm    .   R - +2 buckler {rN+}
rNeg     + . .     Faith    .   f - +1 leather armour {rC+}
rPois    .         Spirit   .   Y - +2 hat
rElec    .         Reflect  +   J - +2 cloak {+Inv}
rCorr    .         Harm     .   (gloves unavailable)
MR       +....                  d - +2 pair of boots
Stlth    +++++.....             T - +5 amulet of reflection
HPRegen  0.26/turn              o - ring of stealth
MPRegen  0.21/turn              N - +5 ring of intelligence

@: shrouded
A: claws 3, hooves 1, molten scales 2, blink, [blurry vision 2], clever 1,
[deformed body], demonic guardian 2, [deterioration 2], [dopey 2], [frail 2],
[low mp 2], spiny 3, [no potion heal 2], [subdued magic 2], MP-powered wands
a: Blink, Channel Magic, Forget Spell, Divine Exegesis, Renounce Religion, Evoke
Invisibility


You were on level 4 of the Abyss.
You worshipped Sif Muna.
Sif Muna was greatly pleased with you.
You were not hungry.

You visited 8 branches of the dungeon, and saw 32 of its levels.
You visited the Abyss 2 times.
You also visited: Sewer, Ossuary, Bailey, Gauntlet and Ice Cave.

You collected 4012 gold pieces.
You spent 943 gold pieces at shops.

Inventory:

Hand Weapons
 t - a +3 dagger of flaming
 O - a +3 vampiric dagger
 P - a +6 quick blade (weapon)
Armour
 d - a +2 pair of boots (worn)
 e - a +1 leather armour of fire resistance
 f - a +1 leather armour of cold resistance (worn)
 n - a +2 pair of gloves of dexterity
 C - a scarf of repulsion
 D - +0 fire dragon scales
 J - a +2 cloak of invisibility (worn)
 R - a +2 buckler of positive energy (worn)
 Y - a +2 hat (worn)
Jewellery
 b - an uncursed ring of magical power
 g - the cursed ring "Zewker Qin" {rN+ Dex-2}
   (You took it off a deep elf elementalist on level 3 of the Elven Halls)

   [ring of dexterity]

   It affects your dexterity (-2).
   It protects you from negative energy.
   It has a curse placed upon it.
 o - a ring of stealth (left claw)
 s - a +3 ring of evasion
 u - an uncursed ring of poison resistance
 w - an uncursed ring of resist corrosion
 G - an uncursed ring of ice
 N - a +5 ring of intelligence (right claw)
 T - a +5 amulet of reflection (around neck)
 W - a +4 ring of slaying
Wands
 k - a wand of flame (15)
 z - a wand of iceblast (10)
 L - a wand of clouds (5)
Scrolls
 a - 3 scrolls of silence
 m - 6 scrolls of immolation
 p - 4 scrolls of fear
 r - 3 scrolls of enchant armour
 v - 4 scrolls of amnesia
 x - 10 scrolls of remove curse
 y - 9 scrolls of magic mapping
 B - 3 scrolls of fog
 U - 8 scrolls of identify
 X - 2 scrolls of summoning
Potions
 h - a potion of curing
 j - 10 potions of might
 l - 4 potions of brilliance
 q - a potion of ambrosia
 A - 3 potions of flight
 E - 3 potions of cancellation
 F - a potion of agility
 H - a potion of resistance
 I - a potion of mutation
 K - a potion of magic
 M - 2 potions of haste
Miscellaneous
 S - a phial of floods (inert)
 Z - a lightning rod (4/4)
Comestibles
 c - 39 rations


   Skills:
 - Level 5.0 Fighting
 - Level 7.3 Short Blades
 - Level 11.6 Armour
 - Level 7.8 Dodging
 - Level 9.6 Stealth
 - Level 6.0 Shields
 - Level 12.0 Spellcasting
 + Level 11.0 Conjurations
 - Level 9.1 Hexes
 - Level 8.0 Charms
 - Level 7.5 Translocations
 - Level 5.1 Fire Magic
 - Level 3.4 Ice Magic
 - Level 7.8 Air Magic
 - Level 8.4 Poison Magic
 - Level 9.9 Invocations
 - Level 9.1 Evocations


You had 4 spell levels left.
You knew the following spells:

 Your Spells              Type           Power        Failure   Level  Hunger
a - Sting                 Conj/Pois      ####         1%          1    None
b - Poisonous Vapours     Pois/Air       #####.       1%          2    None
c - Mephitic Cloud        Conj/Pois/Air  #####...     1%          3    None
d - Ensorcelled Hibernat  Hex/Ice        ####..       1%          2    None
e - Iskenderun's Mystic   Conj           #####...     1%          4    None
f - Olgreb's Toxic Radia  Pois           #####...     1%          4    None
g - Confuse               Hex            #####...     1%          3    None
h - Deflect Missiles      Chrm/Air       #####.....   21%         6    #####..
i - Fireball              Conj/Fire      #####.....   2%          5    ###....
j - Shroud of Golubria    Chrm/Tloc      #####.       1%          2    None
k - Throw Icicle          Conj/Ice       ####....     1%          4    None
l - Blink                 Tloc           N/A          1%          2    None

Your spell library contained the following spells:

 Spells                   Type           Power        Failure   Level  Hunger
 Magic Dart               Conj           ####         0%          1    None
 Apportation              Tloc           ####..       1%          1    None
 Confusing Touch          Hex            #####.       1%          1    None
 Corona                   Hex            #####..      1%          1    None
 Flame Tongue             Conj/Fire      #####        1%          1    None
 Infusion                 Chrm           ####         1%          1    None
 Shock                    Conj/Air       ####         1%          1    None
 Searing Ray              Conj           #####.       1%          2    None
 Slow                     Hex            #####...     1%          2    None
 Song of Slaying          Chrm           #####...     1%          2    None
 Swiftness                Chrm/Air       #####...     1%          2    None
 Throw Flame              Conj/Fire      #####.       1%          2    None
 Throw Frost              Conj/Ice       ####..       1%          2    None
 Conjure Flame            Conj/Fire      #####...     1%          3    None
 Dazzling Spray           Conj/Hex       #####.       1%          3    None
 Gell's Gravitas          Tloc           ####......   1%          3    None
 Inner Flame              Hex/Fire       ####....     1%          3    None
 Ozocubu's Armour         Chrm/Ice       ####....     1%          3    None
 Portal Projectile        Hex/Tloc       #####.       1%          3    None
 Regeneration             Chrm/Necr      ###.......   1%          3    None
 Spectral Weapon          Hex/Chrm       #####...     1%          3    None
 Spider Form              Tmut/Pois      ###.......   1%          3    None
 Static Discharge         Conj/Air       #####...     1%          3    None
 Stone Arrow              Conj/Erth      ####..       1%          3    None
 Tukima's Dance           Hex            #####...     1%          3    None
 Airstrike                Air            #####.....   1%          4    None
 Cause Fear               Hex            #####.....   1%          4    None
 Force Lance              Conj/Tloc      #####...     1%          4    None
 Fulminant Prism          Conj/Hex       #####.....   1%          4    None
 Passage of Golubria      Tloc           N/A          1%          4    None
 Sticky Flame             Conj/Fire      #####...     1%          4    None
 Animate Skeleton         Necr           N/A          2%          1    None
 Beastly Appendage        Tmut           #.....       2%          1    None
 Sandblast                Erth           #.....       2%          1    None
 Summon Small Mammal      Summ           #...         2%          1    None
 Call Imp                 Summ           #.......     4%          2    None
 Passwall                 Tmut/Erth      #.......     4%          2    None
 Sticks to Snakes         Tmut           #.......     4%          2    None
 Sublimation of Blood     Necr           #.........   4%          2    None
 Leda's Liquefaction      Hex/Erth       ###.......   4%          4    None
 Vampiric Draining        Necr           #.........   10%         3    None
 Petrify                  Tmut/Erth      #.......     34%         4    None
 Iskenderun's Battlesphe  Conj/Chrm      #####...     1%          5    ###....
 Lightning Bolt           Conj/Air       #####.....   1%          5    ###....
 Venom Bolt               Conj/Pois      #####.....   1%          5    ###....
 Silence                  Hex/Air        #####.....   2%          5    ###....
 Metabolic Englaciation   Hex/Ice        ####......   7%          5    ###....
 Bolt of Draining         Conj/Necr      ####......   10%         5    ###....
 Irradiate                Conj/Tmut      ####......   10%         5    ###....
 Poison Arrow             Conj/Pois      #####.....   10%         6    #####..
 Bolt of Magma            Conj/Fire/Erth ####......   11%         5    ###....
 Conjure Ball Lightning   Conj/Air       #####.....   11%         6    #####..
 Darkness                 Hex            #####.....   13%         6    #####..
 Invisibility             Hex            #####...     13%         6    #####..
 Yara's Violent Unravell  Hex/Tmut       ###.......   16%         5    ###....
 Alistair's Intoxication  Tmut/Pois      ###.....     17%         5    ###....
 Bolt of Fire             Conj/Fire      #####.....   21%         6    #####..
 Dispersal                Tloc           ####......   26%         6    #####..
 Bolt of Cold             Conj/Ice       ####......   28%         6    #####..
 Orb of Destruction       Conj           #####.....   32%         7    ######.
 Iron Shot                Conj/Erth      ####......   52%         6    #####..
 Lee's Rapid Deconstruct  Erth           #.........   73%         5    ###....
 Simulacrum               Ice/Necr       ###.......   97%         6    #####..
 Spellforged Servitor     Conj/Summ      ####......   98%         7    ######.
 Shadow Creatures         Summ           N/A          100%        6    #####..
 Dragon Form              Tmut           #.........   100%        7    ######.
 Malign Gateway           Summ/Tloc      ###.......   100%        7    ######.
 Summon Greater Demon     Summ           #.........   100%        7    ######.
 Borgnjor's Revivificati  Necr           #.........   100%        8    #######
 Controlled Blink         Tloc           N/A          100%        8    #######
 Discord                  Hex            #####.....   100%        8    #######
 Disjunction              Tloc           ####......   100%        8    #######
 Ignition                 Fire           ####......   100%        8    #######
 Fire Storm               Conj/Fire      #####.....   100%        9    #######
 Shatter                  Erth           #.........   100%        9    #######
 Tornado                  Air            #####.....   100%        9    #######


Dungeon Overview and Level Annotations

Branches:
Dungeon (15/15)            Temple (0/1) D:7            Lair (6/6) D:9
 Shoals (1/4) Lair:2        Snake (1/4) Lair:4        Slime (3/5) Lair:6
    Orc (2/2) D:9             Elf (3/3) Orc:2        Vaults (0/5) D:14
 Depths (1/5) D:15          Sewer (visited)         Ossuary (visited)
 Bailey (visited)           IceCv (visited)         Gauntlet (visited)

Altars:
Ashenzari
Cheibriados
Fedhas
Hepliaklqana
Kikubaaqudgha
Makhleb
Qazlal
Ru
Sif Muna
Trog
Vehumet
Wu Jian
Xom
The Shining One
Beogh

Shops:
D:5 *   D:12 :   Orc:1 (   Orc:2 [:(=   Elf:3 ?   Snake:1 [!:

Portals:
Hell: Depths:1

Annotations:
D:3 Grinder
D:6 Blork the orc
D:15 Roxanne
Slime:3 Dissolution


Innate Abilities, Weirdness & Mutations

You have claws for hands.
You are mostly covered in molten scales. (AC +3)
A demonic guardian rushes to your aid.
You are completely covered in sharp spines.
You have large cloven feet.
You can translocate small distances at will.
Your mind is acute. (Int +2)
You expend magic power (3 MP) to strengthen your wands.
[Scrolls take you longer to read.]
[Armour fits poorly on your strangely shaped body.]
[Your body often deteriorates upon taking damage.]
[You are very dopey. (Int -4)]
[You are very frail. (-20% HP)]
[Your magical capacity is very low. (-20% MP)]
[Potions are poor at restoring your health.]
[Your spells are easier to cast, but less powerful.]


Message History

You destroy the ancient zyme!
Sif Muna accepts your kill.
Okay, then.
You feel somewhat more hungry. The smoke demon gestures at you.
Something smites you!
* * * LOW HITPOINT WARNING * * *
Your system partially rejects the healing.
You feel better. The raiju is struck by your spines. The raiju misses you.
Okay, then.
Casting: Throw Icicle (safe; 1% risk of failure)
Confirm with . or Enter, or press ? or * to list all spells.
Aiming: Throw Icicle (safe; 1% risk of failure)
Press: ? - help, Shift-Dir - straight line, f - raiju
Aim: a raiju (moderately wounded)
The shard of ice misses the raiju.
You hear a bark!
The raiju bursts into living lightning!
The living lightning hits you!
You die...

h.####
#.#v## #
h.. #
#..5v#### #
#. .X..###
## ยง# x.3
X## ...#.
#.#.#
...v..#.
v### . .
#..#.#@#
######.3h##
##### #.._
.. . ##.. .
... . .


You could see a smoke demon and a raiju.

Vanquished Creatures
  Jorgrun (Snake:1)
  An acid blob (Slime:1)
  5 deep elf blademasters
  Agnes (D:15)
  An Executioner (Abyss:3)
  The ghost of Yzup the Alchemist, a journeyman DrTm of Wu Jian (D:15)
  5 deep elf sorcerers
  A fire giant (shapeshifter) (D:15)
  5 orc warlords
  A balrug (Gauntlet)
  The ghost of fritzmikael the Geomancer, a journeyman GrEE of Uskayaw (Lair:6)
  3 deep elf elementalists (Elf:3)
  3 very ugly things
  4 deep elf annihilators (Elf:3)
  3 deep elf demonologists
  A minotaur (Gauntlet)
  Snorg (Lair:3)
  3 deep elf death magi
  A fire dragon (D:13)
  10 deep elf high priests (Elf:3)
  2 great orbs of eyes (Depths:1)
  6 hydras
  An anaconda (Lair:4)
  7 two-headed ogres
  25 dancing weapons
  9 death yaks
  An ogre mage (D:15)
  A tengu warrior (D:15)
  A shock serpent (Snake:1)
  Urug (Lair:5)
  6 orc high priests
  22 deep elf knights
  4 naga sharpshooters (Snake:1)
  A sun demon (Abyss:4)
  2 wretched stars
  A hell knight (Elf:1)
  A spatial maelstrom (Abyss:4)
  An unseen horror (D:15)
  A glowing orange brain (Depths:1)
  9 deep elf archers
  5 wizards
  A naga ritualist (Lair:4)
  10 orc knights
  A necromancer (D:14)
  An orb spider (Abyss:2)
  2 wolf spiders
  A salamander (Snake:1)
  5 orc sorcerers
  11 ugly things
  64 deep elf magi
  A shining eye (Slime:1)
  4 mana vipers
  2 cyclopes
  A moth of wrath (Gauntlet)
  2 manticores
  19 elephants
  An eye of devastation (Slime:2)
  A black mamba (shapeshifter) (Elf:1)
  15 black mambas
  3 ice statues (IceCv)
  10 spiny frogs
  3 naga magi (Snake:1)
  3 gargoyles
  An orange demon (Abyss:3)
  A komodo dragon (shapeshifter) (Elf:1)
  10 komodo dragons
  5 yaktaurs
  2 ice devils (Lair:6)
  4 ancient zymes
  A tengu conjurer (Elf:1)
  2 queen bees
  3 polar bears (D:10)
  14 trolls
  2 hornets (Lair:6)
  A hornet (shapeshifter) (D:14)
  A meliai (Lair:6)
  40 slime creatures
  2 snapping turtles
  6 blink frogs (Lair:5)
  2 raiju (Abyss:4)
  4 dream sheep (Lair:5)
  5 hippogriffs
  A centaur simulacrum (D:10)
  3 large abominations
  An air elemental (Elf:1)
  3 wyverns
  A redback (shapeshifter) (Elf:3)
  4 redbacks (Gauntlet)
  A shadow (D:13)
  A wraith (D:12)
  4 water elementals
  A vampire (D:12)
  4 basilisks
  20 yaks
  2 hungry ghosts
  A golden eye (Slime:3)
  A neqoxec (Abyss:4)
  3 vampire mosquitoes (D:15)
  Grum (D:10)
  2 wargs (Orc:2)
  A soldier ant (D:12)
  2 acid dragons
  8 nagas
  10 water moccasins
  2 hell hounds (Gauntlet)
  61 orc warriors
  10 porcupines
  A black bear (D:9)
  7 ice beasts
  6 sky beasts
  A hornet zombie (D:9)
  An eye of draining (Slime:1)
  A necrophage (D:8)
  22 ogres
  A boggart (Elf:1)
  4 phantoms
  34 wolves
  10 centaurs
  14 crocodiles
  5 big kobolds
  6 earth elementals
  A small abomination (Abyss:3)
  18 bullfrogs
  A wyvern zombie (D:13)
  2 wyvern skeletons
  2 scorpions (D:14)
  35 killer bees
  9 wights
  A howler monkey (D:6)
  2 electric eels
  6 crimson imps
  7 centaur zombies
  A bullfrog zombie (D:8)
  3 quasits
  14 jellies
  A gnoll shaman (D:9)
  A water moccasin simulacrum (D:10)
  Crazy Yiuf (D:7)
  5 centaur skeletons
  3 hounds
  36 orc priests
  26 orc wizards
  Jessica (D:2)
  4 iguanas
  5 worker ants
  2 hell rats (D:9)
  8 mummies (Ossuary)
  A hound skeleton (D:4)
  16 gnolls
  4 adders
  A river rat (D:9)
  4 shadow imps
  3 white imps (D:10)
  A howler monkey simulacrum (D:10)
  An ufetubus (D:10)
  10 oozes
  An adder zombie (D:6)
  2 worms
  4 dart slugs
  8 leopard geckos
  139 orcs
  18 bats
  3 giant cockroaches
  A gnoll zombie (Ossuary)
  32 goblins
  26 hobgoblins
  21 jackals
  4 quokkas
  8 ball pythons
  11 frilled lizards
  A hobgoblin zombie (Ossuary)
  33 kobolds
  6 kobold zombies (Ossuary)
  A leopard gecko zombie (D:5)
  2 quokka zombies
  6 rats
  A crawling corpse (Elf:3)
  A fungus (Lair:5)
  2 plants (Sewer)
1254 creatures vanquished.

Vanquished Creatures (collateral kills)
  A dancing weapon (Elf:2)
  A two-headed ogre (D:14)
  2 thrashing horrors (Abyss:4)
  A death yak (Lair:4)
  2 deep elf magi
  An orc sorcerer (D:15)
  3 ugly things (D:15)
  An elephant (Lair:4)
  2 large abominations (Abyss:3)
  A black mamba (Lair:3)
  An eye of devastation (Slime:1)
  An orange demon (Abyss:2)
  A hippogriff (Lair:4)
  2 blink frogs (Lair:5)
  A yak (Lair:3)
  An orc warrior (Orc:2)
  2 ice beasts (IceCv)
  A wolf (Lair:6)
  An ogre (Orc:2)
  A bullfrog (Lair:3)
  An orc priest (Orc:2)
  A hobgoblin (Bailey)
  A crawling corpse (Elf:3)
  A plant (Lair:3)
31 creatures vanquished.

Vanquished Creatures (others)
  A naga sharpshooter (Lair:4)
  2 deep elf archers
  A deep elf mage (Elf:1)
  A manticore (D:15)
  A centaur (D:15)
  15 fungi
  A lurking horror (Abyss:4)
  10 plants
  10 toadstools (D:7)
42 creatures vanquished.

Grand Total: 1327 creatures vanquished

Notes
Turn   | Place    | Note
-------+----------+-------------------------------------------
     0 | D:1      | Draugr the Demonspawn Venom Mage began the quest for the
                  | Orb.
     0 | D:1      | Reached XP level 1. HP: 13/13 MP: 3/3
    73 | D:1      | Noticed a demonspawn
    74 | D:1      | Noticed an ogre
    76 | D:1      | Noticed a formicid
    76 | D:1      | Noticed a troll
    78 | D:1      | Noticed an octopode
    78 | D:1      | Noticed a halfling
    80 | D:1      | Noticed a merfolk
    80 | D:1      | Noticed a centaur
    82 | D:1      | Noticed a tengu
    82 | D:1      | Noticed a ghoul
    84 | D:1      | Noticed a felid
    84 | D:1      | Noticed a dwarf
    86 | D:1      | Noticed a minotaur
    86 | D:1      | Noticed a vampire
    88 | D:1      | Noticed a vine stalker
    90 | D:1      | Noticed a naga
    92 | D:1      | Noticed a spriggan
    94 | D:1      | Noticed an elf
    96 | D:1      | Noticed a human
    96 | D:1      | Noticed a demigod
    98 | D:1      | Noticed a draconian
    98 | D:1      | Noticed a gargoyle
   301 | D:1      | Gained mutation: You are partially covered in sharp spines.
                  | [demonic ancestry]
   301 | D:1      | Reached XP level 2. HP: 14/19 MP: 5/5
   562 | D:1      | Gained mutation: You are partially covered in molten
                  | scales. (AC +2) [demonic ancestry]
   562 | D:1      | Reached XP level 3. HP: 24/24 MP: 6/6
   590 | D:1      | Reached skill level 1 in Armour
  1305 | D:2      | Reached XP level 4. HP: 30/30 MP: 7/7
  1319 | D:2      | Noticed Jessica
  1537 | D:2      | Killed Jessica
  1572 | D:2      | Learned a level 2 spell: Poisonous Vapours
  1576 | D:2      | Learned a level 3 spell: Mephitic Cloud
  1668 | D:2      | Found a blossoming altar of Fedhas.
  1893 | D:2      | Found a faded altar of an unknown god.
  2058 | D:2      | Found a burning altar of Makhleb.
  2058 | D:2      | Found a bloodstained altar of Trog.
  2061 | D:2      | Found a snail-covered altar of Cheibriados.
  2152 | D:2      | Found a stormy altar of Qazlal.
  2152 | D:2      | Found a hazy altar of Hepliaklqana.
  2226 | D:1      | Reached skill level 1 in Air Magic
  2226 | D:1      | Gained mutation: You are mostly covered in sharp spines.
                  | [demonic ancestry]
  2226 | D:1      | Reached XP level 5. HP: 31/35 MP: 8/8
  2573 | D:3      | Found a shattered altar of Ashenzari.
  2666 | D:3      | Noticed Grinder
  2705 | D:4      | Reached skill level 1 in Short Blades
  2706 | D:4      | Reached XP level 6. HP: 20/41 MP: 9/9
  2793 | D:4      | Found a shimmering blue altar of Sif Muna.
  2801 | D:4      | Became a worshipper of Sif Muna the Loreminder
  2830 | D:4      | Noticed an ice beast
  2846 | D:4      | Killed an ice beast
  2953 | D:4      | Reached skill level 1 in Fighting
  3250 | D:4      | Found a glowing drain.
  3264 | Sewer    | Entered a sewer
  4607 | D:5      | Entered Level 5 of the Dungeon
  4616 | D:5      | Reached * piety under Sif Muna
  4616 | D:5      | Gained mutation: You have sharp fingernails. [demonic
                  | ancestry]
  4616 | D:5      | Reached XP level 7. HP: 44/52 MP: 10/10
  4820 | D:5      | Found Wiusm's General Store.
  4823 | D:5      | Bought a scroll of identify for 26 gold pieces
  4868 | D:5      | Learned a level 2 spell: Ensorcelled Hibernation
  5126 | D:5      | Found a sacrificial altar of Ru.
  5235 | D:5      | Reached skill level 3 in Spellcasting
  5660 | D:5      | Found a glowing golden altar of the Shining One.
  5716 | D:6      | Reached skill level 1 in Hexes
  5918 | D:6      | Reached XP level 8. HP: 28/58 MP: 12/12
  6133 | D:6      | Found an ornate altar of the Wu Jian Council.
  6243 | D:6      | Reached skill level 1 in Ice Magic
  6399 | D:6      | Reached ** piety under Sif Muna
  6519 | D:6      | Noticed Blork the orc
  7170 | D:6      | Found a sacrificial altar of Ru.
  7468 | D:7      | Found a sand-covered staircase.
  7479 | Ossuary  | Entered an ossuary
  8390 | D:7      | Found a runed translucent door.
  8391 | D:7      | Noticed Crazy Yiuf
  8398 | D:7      | Killed Crazy Yiuf
  8602 | D:7      | Reached skill level 1 in Evocations
  8692 | D:7      | Noticed a slime creature
  8796 | D:7      | Got an iridescent mace
  8798 | D:7      | Identified the +1 mace of the Vendetta {crush, rPois MP-9
                  | Str+4} (You found it on level 7 of the Dungeon)
  8991 | D:7      | Reached XP level 9. HP: 63/63 MP: 13/13
  9499 | D:7      | Found a staircase to the Ecumenical Temple.
  9594 | D:7      | Learned a level 4 spell: Iskenderun's Mystic Blast
  9843 | D:7      | Reached skill level 5 in Conjurations
 10066 | D:8      | Found a radiant altar of Vehumet.
 10774 | D:8      | Reached skill level 4 in Spellcasting
 11223 | D:8      | Found an ancient bone altar of Kikubaaqudgha.
 11516 | D:8      | Reached skill level 5 in Spellcasting
 11805 | D:9      | Gained mutation: You have very sharp fingernails. [demonic
                  | ancestry]
 11805 | D:9      | Reached XP level 10. HP: 66/70 MP: 16/17
 11842 | D:9      | Reached *** piety under Sif Muna
 11979 | D:9      | Reached skill level 5 in Hexes
 12231 | D:9      | Noticed a death yak
 12601 | D:9      | Noticed a two-headed ogre
 12617 | D:9      | Killed a two-headed ogre
 12689 | D:9      | Found a staircase to the Orcish Mines.
 12703 | D:9      | Found a staircase to the Lair.
 12913 | D:9      | Noticed a death yak
 12940 | Orc:1    | Entered Level 1 of the Orcish Mines
 13316 | Orc:1    | Reached skill level 5 in Stealth
 13744 | Orc:1    | Noticed an orc knight
 13823 | Orc:1    | Reached **** piety under Sif Muna
 13858 | D:9      | Noticed a death yak
 13870 | Lair:1   | Entered Level 1 of the Lair of Beasts
 13959 | Lair:1   | Noticed a black mamba
 13967 | Lair:1   | Killed a black mamba
 14230 | Lair:1   | Reached XP level 11. HP: 67/75 MP: 18/18
 14281 | Lair:1   | Reached skill level 5 in Poison Magic
 14923 | Lair:1   | Noticed a six-headed hydra
 14970 | D:10     | Entered Level 10 of the Dungeon
 15097 | D:10     | Noticed a death yak
 15113 | D:10     | Noticed a two-headed ogre
 15640 | D:10     | Noticed a two-headed ogre
 16009 | Orc:1    | Killed an orc knight
 16117 | Orc:1    | Found Ughyip's Antique Weapon Shoppe.
 16183 | Orc:2    | Entered Level 2 of the Orcish Mines
 16802 | Orc:2    | Reached skill level 10 in Conjurations
 16840 | Orc:2    | Noticed a two-headed ogre
 16940 | Orc:2    | Killed a two-headed ogre
 17407 | Orc:1    | Noticed an orc warlord
 17572 | Orc:1    | Reached skill level 5 in Short Blades
 17847 | Orc:2    | Reached ***** piety under Sif Muna
 17847 | Orc:2    | Received a gift from Sif Muna
 17975 | Orc:2    | Noticed an orc knight
 17996 | Orc:2    | Killed an orc knight
 18117 | Orc:2    | Reached skill level 5 in Fighting
 18420 | Orc:2    | Found a roughly hewn altar of Beogh.
 18645 | Orc:2    | Noticed an orc sorcerer
 18645 | Orc:2    | Noticed an orc knight
 18659 | Orc:2    | Learned a level 4 spell: Olgreb's Toxic Radiance
 18735 | Orc:2    | Gained mutation: A weak demonic guardian rushes to your
                  | aid. [demonic ancestry]
 18735 | Orc:2    | Reached XP level 12. HP: 86/86 MP: 11/19
 18862 | Orc:2    | Found Rusotee's Book Emporium.
 18862 | Orc:2    | Noticed an orc high priest
 19601 | Orc:2    | Killed an orc warlord
 19601 | Orc:2    | Reached skill level 6 in Spellcasting
 20032 | Orc:2    | Killed an orc high priest
 20032 | Orc:2    | Reached skill level 7 in Spellcasting
 20052 | Orc:2    | Found Afoet's Armour Shoppe.
 20068 | Orc:2    | Noticed an orc warlord
 20457 | Orc:2    | Noticed an orc warlord
 20565 | Orc:2    | Killed an orc warlord
 20565 | Orc:2    | Reached skill level 8 in Spellcasting
 20740 | Orc:2    | Noticed an orc high priest
 20753 | Orc:2    | Killed an orc high priest
 20753 | Orc:2    | Reached skill level 9 in Spellcasting
 21093 | Orc:2    | Upgraded the game from 0.24.0-123-gd5b16e6ec5 to
                  | 0.24.0-124-g2791043dd8
 21179 | Orc:2    | Found a roughly hewn altar of Beogh.
 21194 | Orc:2    | Noticed an orc high priest
 21217 | Orc:2    | Killed an orc high priest
 21663 | Orc:2    | Identified Sif Muna's Tome of Conjuration (Sif Muna gifted
                  | it to you on level 2 of the Orcish Mines)
 21663 | Orc:2    | Received a gift from Sif Muna
 21681 | Orc:2    | Noticed an orc high priest
 21693 | Orc:2    | Killed an orc high priest
 21693 | Orc:2    | Reached skill level 5 in Dodging
 21696 | Orc:2    | Found Tuasias's Weapon Boutique.
 21806 | Orc:2    | Noticed an orc high priest
 21832 | Orc:2    | Killed an orc high priest
 21973 | Orc:2    | Found Enovveti's Jewellery Shop.
 22408 | Orc:2    | Found a staircase to the Elven Halls.
 22577 | Orc:2    | Gained mutation: You are completely covered in sharp
                  | spines. [demonic ancestry]
 22577 | Orc:2    | Reached XP level 13. HP: 91/91 MP: 14/26
 22597 | Orc:2    | Killed an orc warlord
 23599 | Lair:2   | Found a staircase to the Shoals.
 25867 | Lair:3   | Learned a level 3 spell: Confuse
 25936 | Lair:3   | Noticed Snorg
 25953 | Lair:3   | Killed Snorg
 26454 | Lair:3   | Identified Sif Muna's Compendium of Shifting Toxins (Sif
                  | Muna gifted it to you on level 3 of the Lair of Beasts)
 26454 | Lair:3   | Received a gift from Sif Muna
 27883 | Lair:4   | Learned a level 6 spell: Deflect Missiles
 27891 | Lair:4   | Reached XP level 14. HP: 93/98 MP: 27/27
 27917 | Lair:4   | Reached skill level 1 in Charms
 27975 | Lair:4   | Learned a level 2 spell: Searing Ray
 28605 | Lair:4   | Found a staircase to the Snake Pit.
 29520 | Lair:5   | Reached skill level 5 in Charms
 30381 | Lair:5   | Noticed Urug
 30404 | Lair:5   | Killed Urug
 30783 | Lair:6   | Entered Level 6 of the Lair of Beasts
 30909 | Lair:6   | Identified Sif Muna's Disquisition on Conjuration and Hexes
                  | (Sif Muna gifted it to you on level 6 of the Lair of
                  | Beasts)
 30909 | Lair:6   | Received a gift from Sif Muna
 31101 | Lair:6   | Found a frozen archway.
 31422 | IceCv    | Entered an ice cave
 31645 | IceCv    | Got a fine chain mail
 32664 | Lair:6   | Identified the +8 chain mail of Gozag's Hatred {rN+ Regen+
                  | Int-2} (You found it in an ice cave)
 32732 | Lair:6   | Reached skill level 5 in Air Magic
 32930 | Lair:6   | Found a transporter.
 32930 | Lair:6   | Found a transporter.
 32939 | Lair:6   | Found a shimmering altar of Xom.
 33045 | Lair:6   | Noticed fritzmikael's ghost (journeyman GrEE)
 33307 | Lair:6   | Found a staircase to the Slime Pits.
 33514 | Lair:6   | Learned a level 2 spell: Shroud of Golubria
 33838 | Lair:6   | Reached skill level 1 in Translocations
 34134 | Lair:6   | Killed fritzmikael's ghost
 35443 | D:10     | Reached skill level 5 in Invocations
 35826 | D:10     | Noticed Grum
 35830 | D:10     | Killed Grum
 36177 | D:11     | Received a gift from Sif Muna
 36177 | D:11     | Reached XP level 15. HP: 101/103 MP: 28/28
 36195 | D:11     | Found a flagged portal.
 36255 | Bailey   | Entered a bailey
 36802 | Bailey   | Noticed an orc warlord
 36844 | Bailey   | Killed an orc warlord
 36995 | Bailey   | Identified the Compendium of Fetching Good Luck
 37004 | Bailey   | Identified a scroll of acquirement
 37016 | Bailey   | Reached skill level 10 in Spellcasting
 37016 | Bailey   | Reached XP level 16. HP: 109/109 MP: 30/30
 38325 | D:12     | Identified Sif Muna's Disquisition on Fiery Cold (Sif Muna
                  | gifted it to you on level 12 of the Dungeon)
 38325 | D:12     | Received a gift from Sif Muna
 38734 | D:12     | Learned a level 4 spell: Throw Icicle
 38741 | D:12     | Found Henitep's Book Emporium.
 38887 | D:12     | Reached skill level 5 in Evocations
 39230 | D:13     | Found a gate leading to a gauntlet.
 39485 | Gauntlet | Entered a Gauntlet
 39485 | Gauntlet | Found a transporter.
 39485 | Gauntlet | Found a transporter.
 39490 | Gauntlet | Found a transporter.
 39490 | Gauntlet | Found a transporter.
 39530 | Gauntlet | Found a transporter.
 39551 | Gauntlet | Identified the amulet of Jealousy {Faith Dex+3}
 39577 | Gauntlet | Found a transporter.
 39727 | Gauntlet | Found a transporter.
 39736 | Gauntlet | Found a transporter.
 39745 | Gauntlet | Found a transporter.
 39753 | Gauntlet | Found a transporter.
 40276 | Gauntlet | Identified Jydug's Handbook of Cold and Shape Shifting
 41268 | D:14     | Found a shimmering altar of Xom.
 41865 | D:14     | Found a gate to the Vaults.
 41876 | D:14     | Identified Dyxomi's Papyrus of the Blaze and Confrontation
                  | (Sif Muna gifted it to you on level 14 of the Dungeon)
 41876 | D:14     | Received a gift from Sif Muna
 42093 | D:15     | Entered Level 15 of the Dungeon
 42454 | D:15     | Reached skill level 1 in Shields
 42741 | D:15     | Found a staircase to the Depths.
 42807 | D:15     | Noticed Agnes
 42975 | D:15     | Found a runed translucent gate.
 42976 | D:15     | Found a runed translucent gate.
 42977 | D:15     | Found a runed translucent gate.
 42977 | D:15     | Noticed Yzup's ghost (journeyman DrTm)
 43027 | D:15     | Killed Yzup's ghost
 43198 | D:15     | Killed Agnes
 43389 | D:15     | Identified Roxanne's Almanac of Changing
 43389 | D:15     | Noticed Roxanne
 43500 | D:15     | Reached skill level 5 in Shields
 44471 | Snake:1  | Entered Level 1 of the Snake Pit
 45597 | Snake:1  | Reached skill level 5 in Translocations
 46013 | Snake:1  | Identified Sif Muna's Grimoire of Venom and Dark Arts (Sif
                  | Muna gifted it to you on level 1 of the Snake Pit)
 46013 | Snake:1  | Received a gift from Sif Muna
 46204 | Snake:1  | Found Orghill's Book Shoppe.
 46206 | Snake:1  | Found Seurin's Distillery.
 46208 | Snake:1  | Found Cuasoet's Antique Armour Shoppe.
 46213 | Snake:1  | Bought a book of Minor Magic for 320 gold pieces
 46216 | Snake:1  | Learned a level 2 spell: Blink
 46220 | Snake:1  | Bought a pair of glowing gloves for 240 gold pieces
 46370 | Snake:1  | Gained mutation: You are mostly covered in molten scales.
                  | (AC +3) [demonic ancestry]
 46370 | Snake:1  | Reached XP level 17. HP: 115/115 MP: 20/31
 46812 | Snake:1  | Noticed Jorgrun
 46819 | Snake:1  | Killed Jorgrun
 47081 | Elf:1    | Entered Level 1 of the Elven Halls
 47899 | Shoals:1 | Entered Level 1 of the Shoals
 48325 | Depths:1 | Entered Level 1 of the Depths
 48734 | Depths:1 | Found a gateway to Hell.
 49511 | Depths:1 | Noticed a titan
 49775 | Orc:2    | Bought an uncursed ring of resist corrosion for 200 gold
                  | pieces
 49946 | Slime:1  | Entered Level 1 of the Pits of Slime
 50693 | Lair:6   | Upgraded the game from 0.24.0-124-g2791043dd8 to
                  | 0.24.0-125-gc4c63601f3
 51185 | Slime:2  | Noticed an acid blob
 51404 | Slime:2  | Gained mutation: You are clumsy. (Dex -2) [a shining eye]
 51476 | Slime:2  | Gained mutation: Your mind is acute. (Int +2) [a shining
                  | eye]
 51477 | Slime:2  | Gained mutation: [Your magical capacity is low. (-10% MP)]
                  | [a shining eye]
 51624 | Slime:1  | Lost mutation: You are clumsy. (Dex -2) [potion of
                  | mutation]
 51624 | Slime:1  | Lost mutation: [Your magical capacity is low. (-10% MP)]
                  | [potion of mutation]
 51624 | Slime:1  | Gained mutation: You can translocate small distances at
                  | will. [potion of mutation]
 51624 | Slime:1  | Gained mutation: You expend magic power (3 MP) to
                  | strengthen your wands. [potion of mutation]
 51624 | Slime:1  | Gained mutation: You have large cloven feet. [potion of
                  | mutation]
 51719 | Slime:1  | Killed an acid blob
 52257 | Slime:3  | Noticed Dissolution
 53375 | Elf:1    | Reached skill level 11 in Spellcasting
 54551 | Elf:1    | Reached skill level 12 in Spellcasting
 56378 | Elf:1    | Learned a level 5 spell: Fireball
 56387 | Elf:1    | Cast into level 2 of the Abyss (a deep elf sorcerer)
 56567 | Abyss:2  | Found a corrupted altar of Lugonu.
 56582 | Elf:1    | Escaped the Abyss
 56611 | Elf:1    | Reached skill level 1 in Fire Magic
 56611 | Elf:1    | Gained mutation: You have claws for hands. [demonic
                  | ancestry]
 56611 | Elf:1    | Reached XP level 18. HP: 67/121 MP: 6/34
 58097 | Elf:2    | Reached skill level 5 in Fire Magic
 58576 | Elf:2    | Identified Sif Muna's Collected Works on the Excruciating
                  | Escort (Sif Muna gifted it to you on level 2 of the Elven
                  | Halls)
 58576 | Elf:2    | Received a gift from Sif Muna
 58817 | Elf:2    | Reached skill level 5 in Armour
 59086 | Elf:2    | Found a runed translucent gate.
 59086 | Elf:2    | Found a runed translucent gate.
 59088 | Elf:2    | Found a runed translucent gate.
 61618 | Elf:3    | Entered Level 3 of the Elven Halls
 61634 | Elf:3    | Found Tuommaf's Magic Scroll Shoppe.
 61681 | Elf:3    | Bought a scroll of enchant weapon for 157 gold pieces
 63162 | Elf:3    | Noticed a Hell Sentinel
 63811 | Elf:3    | Reached skill level 10 in Armour
 65878 | Elf:3    | Gained mutation: A demonic guardian rushes to your aid.
                  | [demonic ancestry]
 65878 | Elf:3    | Reached XP level 19. HP: 75/126 MP: 11/35
 66197 | Elf:3    | Identified the cursed ring "Zewker Qin" {rN+ Dex-2}
 66612 | Elf:3    | Cast into level 2 of the Abyss (a deep elf demonologist)
 66614 | Abyss:2  | Found a corrupted altar of Lugonu.
 66683 | Abyss:2  | Found a sparkling altar of Nemelex Xobeh.
 66961 | Abyss:3  | Noticed a lich
 67032 | Abyss:3  | Found a corrupted altar of Lugonu.
 67114 | Abyss:3  | Found a corrupted altar of Lugonu.
 67128 | Abyss:3  | Found a corrupted altar of Lugonu.
 67395 | Abyss:4  | Found a corrupted altar of Lugonu.
 67944 | Abyss:4  | Found a corrupted altar of Lugonu.
 67976 | Abyss:4  | HP: 4/100 [smoke demon/divine providence (9)]
 67978 | Abyss:4  | Killed from afar by a raiju

Levels and vault maps discovered:
D:1:      kb_arrival_jail, layout_rooms, minmay_ruptured
D:2:      layout_rooms, lemuel_round_altar, nicolae_overflow_hidden_temple,
          chequers_ecumenical_altar_twisty, nicolae_underground_beach,
          uniq_jessica
D:3:      lemuel_upstairs_altar, layout_loops_cross,
          cheibrodos_ashenzari_chains, uniq_grinder
D:4:      layout_basic, overflow_temple_1_default, first_ration,
          cheibrodos_sewer_entry_bend
D:5:      layout_basic, kennysheep_mini_moat, old_standard_altar, serial_shops,
          nicolae_shop_behind_doors
D:6:      layout_basic, lemuel_crystal_altar, hangedman_abyss_or_decor_stabs,
          lemuel_altar_in_water, uniq_blork_the_orc
D:7:      cheibrodos_fertilizer, layout_rooms,
          minmay_temple_entry_gardened_gates,
          lightli_ossuary_entry_decrepit_ruins, uniq_crazy_yiuf_cottage
D:8:      layout_loops_ring, vehumet_altar_wand_db, overflow_temple_1_default
D:9:      layout_basic, dpeg_lair_monsters, orc_0_dummy, feat_on_display
D:10:     layout_roguey, serial_ice, serial_ice_a, serial_ice_b, serial_ice_d,
          serial_ice_c, serial_ice_n, serial_ice_i, serial_ice_m, serial_ice_e,
          hangedman_little_slice_of_home, uniq_grum
D:11:     layout_loops_corners, lightli_bailey_entry_fortress
D:12:     layout_stronghold, minmay_shop_grid_forest
D:13:     layout_loops_ring, gauntlet_entry_generic
D:14:     wad_bat_island, layout_cross, david_vaults_1, serial_bayou_pond_a,
          xom_teletrap_fun
D:15:     grunt_enter_depths_magical_seal, layout_rooms,
          hangedman_abyss_or_decor_lesser_grid, ebering_ghost_rock_garden,
          uniq_agnes, uniq_roxanne
Lair:1:   layout_misc_corridors, serial_rivers, chequers_serial_rivers_small_b,
          chequers_serial_rivers_room_a, chequers_serial_rivers_micro_e,
          chequers_serial_rivers_room_a, chequers_serial_rivers_small_b,
          chequers_serial_rivers_room_b
Lair:2:   layout_roguey, minmay_shoals_entry_hut
Lair:3:   regret_index_tunnel_blossom, layout_chaotic_city, uniq_snorg
Lair:4:   layout_misc_corridors, guppyfry_snake_entry_island, grunt_megastairs_1
Lair:5:   layout_regular_city, infiniplex_staircase_pool_2, uniq_urug
Lair:6:   due_jungle_book, layout_regular_city, minmay_slime_entry_oklob_open,
          portal_ice_cave_demonic_guard, basic_altar, gammafunk_ghost_hive,
          grunt_forest_large_clearings, serial_bayou_shore_b
Shoals:1: layout_shoals, st_sunken_huts, uniq_donald
Snake:1:  layout_basic, minmay_shop_star, uniq_jorgrun
Slime:1:  layout_caves
Slime:2:  layout_caves
Slime:3:  layout_caves, uniq_dissolution
Orc:1:    layout_diamond_mine, serial_shops, shop
Orc:2:    pubby_orc_utopia
Elf:1:    eino_elf_arrival_customs, layout_geoelf_diagonals,
          hangedman_elf_disciples, sword_in_stone
Elf:2:    layout_onion_city, drop_trap
Elf:3:    minmay_elf_hall_hex, layout_loops_corners, serial_shops,
          nicolae_shop_crystal
Depths:1: layout_long_grid, pf_vacation_house_of_asmodeus, fountainhead,
          drop_trap, nicolae_water_bricks, minmay_pinched_square
Abyss:4:  base: Depths:4, base: D:5, nicolae_abyss_rune_star_stuff,
          evilmike_abyss_exit_16, minivault_5, hangedman_abyss_monster_moat,
          hangedman_grunt_abyss_rune_horror_hoard

Skill      XL: |  1  2  3  4  5  6  7  8  9 10 11 12 13 14 15 16 17 18 19 |
---------------+----------------------------------------------------------+-----
Conjurations   | 2 3 4 7 10 11 | 11.0
Armour         | 2 3 4 11 | 11.6
Air Magic      | 1 2 4 5 7 |  7.8
Short Blades   | 1 2 3 5 7 |  7.3
Fighting       | 3 5 |  5.0
Dodging        | 3 5 7 |  7.8
Spellcasting   | 3 5 9 10 12 | 12.0
Hexes          | 3 4 7 9 |  9.1
Ice Magic      | 3 |  3.4
Stealth        | 3 6 8 9 |  9.6
Invocations    | 2 6 7 9 |  9.9
Evocations     | 2 4 9 |  9.1
Poison Magic   | 4 5 6 8 |  8.4
Charms         | 8 |  8.0
Translocations | 3 5 7 |  7.5
Shields        | 6 |  6.0
Fire Magic     | 1 5 |  5.1

Action                   |  1- 3 |  4- 6 |  7- 9 | 10-12 | 13-15 | 16-18 | 19-21 || total
-------------------------+-------+-------+-------+-------+-------+-------+-------++-------
Melee: Unarmed           |     8 |       |       |       |       |       |       ||     8
       Short sword       |       |    15 |       |       |       |       |       ||    15
       Dagger            |       |   213 |   317 |   519 |   508 |       |       ||  1557
       Quick blade       |       |       |       |       |       |  1197 |    75 ||  1272
 Cast: Sting             |    76 |    62 |    36 |    13 |    12 |     7 |       ||   206
       Mephitic Cloud    |       |     1 |    11 |    43 |       |     5 |       ||    60
       Ensorcelled Hiber |       |       |    33 |    76 |   121 |    60 |     2 ||   292
       Iskenderun's Myst |       |       |     2 |    14 |   140 |    57 |     3 ||   216
       Poisonous Vapours |       |       |       |   130 |    85 |   232 |    10 ||   457
       Olgreb's Toxic Ra |       |       |       |    26 |    57 |    73 |     3 ||   159
       Searing Ray       |       |       |       |       |     6 |       |       ||     6
       Shroud of Golubri |       |       |       |       |     4 |    46 |     4 ||    54
       Confuse           |       |       |       |       |     2 |    86 |       ||    88
       Throw Icicle      |       |       |       |       |       |   412 |    48 ||   460
       Blink             |       |       |       |       |       |    14 |     7 ||    21
       Fireball          |       |       |       |       |       |     3 |       ||     3
Invok: Channel Magic     |       |       |       |       |       |     2 |     1 ||     3
 Abil: Evoke Invisibilit |       |       |     1 |       |       |       |       ||     1
Evoke: Wand              |       |       |    11 |    14 |     6 |    15 |     8 ||    54
       Phial of floods   |       |       |       |       |     4 |     8 |     1 ||    13
       Box of beasts     |       |       |       |       |       |     1 |       ||     1
       Lightning rod     |       |       |       |       |       |     4 |       ||     4
  Use: Scroll            |     2 |    11 |    10 |    14 |    21 |    24 |    11 ||    93
       Potion            |       |       |     3 |     1 |     8 |    20 |     6 ||    38
 Stab: Sleeping          |     1 |     1 |    22 |    52 |    66 |    71 |     1 ||   214
       Confused          |       |       |     8 |    37 |     2 |    56 |       ||   103
       Invisible         |       |       |     2 |       |       |     1 |       ||     3
       Distracted        |       |       |     1 |     3 |     5 |     3 |       ||    12
  Eat: Chunk             |     2 |    10 |    14 |    33 |    29 |    50 |       ||   138
       Ration            |       |     1 |     4 |     1 |     5 |    12 |     2 ||    25
Armor: Leather armour    |    14 |    68 |    82 |   126 |   133 |   225 |    30 ||   678
       Robe              |     1 |       |       |       |       |       |       ||     1
Dodge: Dodged            |    15 |   102 |   146 |   269 |   370 |   457 |    51 ||  1410
Block: Other             |       |       |       |       |   124 |    60 |       ||   184
       Reflection        |       |       |       |       |     7 |    64 |     1 ||    72
       Buckler           |       |       |       |       |       |   414 |    67 ||   481
